 Dungeon Crawl Stone Soup version 0.30-a0-823-geb93a13fce (webtiles) character file.

Game seed: 12983586374478140825

13 retardedninja the Shield-Bearer (level 2, 0/29 HPs)
             Began as a Gnoll Fighter on Feb 27, 2023.
             Slain by a kobold
             ... wielding a +0 short sword
              (1 damage)
             ... on level 2 of the Dungeon.
             The game lasted 00:00:49 (210 turns).

retardedninja the Shield-Bearer (Gnoll Fighter)      Turns: 210, Time: 00:00:49

Health: 0/29       AC:  7    Str: 15    XL:     2   Next: 37%
Magic:  2/2        EV:  9    Int:  7    God:
Gold:   15         SH:  5    Dex: 11    Spells: 1/1 levels left

rFire   . . .      SeeInvis .    a - +0 flail
rCold   . . .      Faith    .    c - +0 buckler
rNeg    . . .      Spirit   .    b - +0 scale mail
rPois   .          Reflect  .    (no helmet)
rElec   .          Harm     .    (no cloak)
rCorr   .          Rampage  .    (no gloves)
Will    .....                    (no boots) Stlth
                                 (no amulet)
HPRegen 0.24/turn                (no ring)
MPRegen 0.08/turn                (no ring)

@: slowed, very slow
A: fangs 1, strong nose, distributed training
a: no special abilities


You were on level 2 of the Dungeon.
You visited 1 branch of the dungeon, and saw 2 of its levels.

You collected 15 gold pieces.

Inventory:

Hand Weapons
 a - a +0 flail (weapon)
Armour
 b - a +0 scale mail (worn)
 c - a +0 buckler (worn)
Potions
 d - a potion of might
 e - a potion of curing {unknown}
 f - a potion of lignification {unknown}
 g - a potion of berserk rage {unknown}
 h - a potion of magic {unknown}


   Skills:
 + Level 6.5 Fighting
 + Level 0.4 Short Blades
 + Level 0.4 Long Blades
 + Level 0.4 Axes
 + Level 4.5 Maces & Flails
 + Level 0.4 Polearms
 + Level 0.4 Staves
 + Level 0.4 Ranged Weapons
 + Level 0.4 Throwing
 + Level 6.5 Armour
 + Level 0.4 Dodging
 + Level 0.4 Stealth
 + Level 6.5 Shields
 + Level 0.4 Unarmed Combat
 + Level 0.4 Spellcasting
 + Level 0.2 Conjurations
 + Level 0.2 Hexes
 + Level 0.2 Summonings
 + Level 0.2 Necromancy
 + Level 0.2 Translocations
 + Level 0.2 Transmutations
 + Level 0.2 Fire Magic
 + Level 0.2 Ice Magic
 + Level 0.2 Air Magic
 + Level 0.2 Earth Magic
 + Level 0.2 Poison Magic
 + Level 0.5 Invocations
 + Level 0.4 Evocations


You had one spell level left.
You didn't know any spells.
Your spell library was empty.

Dungeon Overview and Level Annotations

Branches:
Dungeon (1/15)

Altars:

Annotations:
D:2 Natasha


Innate Abilities, Weirdness & Mutations

You have very sharp teeth.
Your uncanny sense of smell can sniff out nearby items.
Your experience applies equally to all skills.


Message History

Natasha hisses angrily.
You hear a shout!
Natasha is nearby!
Natasha is nearby!
Natasha is nearby!
Natasha is nearby!
Found a stone staircase leading up.
Natasha zaps a wand.
The puff of flame hits you!
A kobold comes into view. It is wielding a +0 short sword.
You see here 14 gold pieces.
You hit Natasha but do no damage. Your bite misses Natasha.
Natasha mumbles some strange words.
You feel troubled.
Natasha zaps a wand.
The puff of flame hits you!
You are too injured to fight recklessly!
You are too injured to fight recklessly!
You are too injured to fight recklessly!
You are too injured to fight recklessly!
You are too injured to fight recklessly!
You are too injured to fight recklessly!
You are too injured to fight recklessly!
You are too injured to fight recklessly!
You barely miss Natasha. Natasha casts a spell at you.
You feel yourself slow down. Natasha claws you.
You hit Natasha.
Natasha is moderately wounded.
The kobold hits you but does no damage. Natasha claws you.
* * * LOW HITPOINT WARNING * * *
The kobold hits you but does no damage.
You closely miss Natasha.
Natasha is moderately wounded.
Natasha zaps a wand.
The puff of flame hits you.
* * * LOW HITPOINT WARNING * * *
The kobold hits you but does no damage. Natasha claws you but does no damage.
You hit Natasha.
Natasha is severely wounded.
The kobold hits you but does no damage.
Natasha zaps a wand.
The puff of flame hits you but does no damage.
The kobold hits you with a +0 short sword.
You die...

... #.. ##.<
∆... .# # #.. .#
#.###..###.# #
......Kh.#.##.##
#...@........
#............
#....$.#####
#......#
######.# #.# #.#
#.# #.#


You could see Natasha and a kobold.

Vanquished Creatures
  A dart slug (D:1)
  A ball python (D:1)
  An endoplasm (D:1)
  A goblin (D:1)
  4 jackals (D:1)
  A rat (D:1)
9 creatures vanquished.

Notes
Turn   | Place    | Note
-------+----------+-------------------------------------------
     0 | D:1      | retardedninja the Gnoll Fighter began the quest for the
                  | Orb.
     0 | D:1      | Reached XP level 1. HP: 23/23 MP: 1/1
    34 | D:1      | Reached XP level 2. HP: 28/29 MP: 2/2
   184 | D:1      | You fall into a shaft and drop 1 floor!
   202 | D:2      | Noticed Natasha
   209 | D:2      | HP: 1/29 [Natasha/puff of flame (3)]
   210 | D:2      | Slain by a kobold

Illustrated notes

Levels and vault maps discovered:
D:1:      minmay_arrival_five_plusses, layout_basic
D:2:      layout_loops_ring, hangedman_abyss_or_decor_stabs, uniq_natasha

Action                     || total
---------------------------++-------
  Melee: Flail             ||    40
         Bite              ||     6
 Armour: Scale mail        ||    25
  Dodge: Dodged            ||    19
  Block: Buckler           ||    17

Table legend: (Time is in decaauts)
 A = Elapsed time spent in this place.
 B = Non-inter-level travel time spent in this place.
 C = Inter-level travel time spent in this place.
 D = Time resting spent in this place.
 E = Time spent auto-exploring this place.
 F = Levels seen in this place.
 G = Mean time per level.
                   A        B        C        D        E       F      G
               +--------+--------+--------+--------+--------+-----+--------+
         Total |    219 |    219 |      0 |     51 |     92 |   2 |  109.5 |
       Dungeon |    219 |    219 |      0 |     51 |     92 |   2 |  109.5 |
               +--------+--------+--------+--------+--------+-----+--------+

Top non-repeatable levels by time:
     D:1: 192 daAuts
     D:2: 27 daAuts
